 Dungeon Crawl Stone Soup version 0.27-a0-1299-g1ab19c6527 (webtiles) character file.

Game seed: 1812408107700152316

35350 razgard the Brawler (level 13, -2/133 HPs)
             Began as a Troll Berserker on Nov 30, 2020.
             Was a High Priest of Trog.
             Slain by an eight-headed hydra (4 damage)
             ... on level 1 of the Lair of Beasts on June 16, 2021.
             The game lasted 00:34:39 (14170 turns).

razgard the Brawler (Troll Berserker)              Turns: 14170, Time: 00:34:40

Health: -2/133     AC: 11    Str: 29    XL:     13   Next: 47%
Magic:  12/12      EV: 15    Int: 12    God:    Trog [*****.]
Gold:   779        SH:  0    Dex: 16    Spells: 12/12 levels left

rFire    . . .     SeeInvis +     - Unarmed
rCold    + . .     Faith    .   (no shield)
rNeg     . . .     Spirit   .   v - +0 steam dragon scales
rPois    .         Reflect  .   D - +0 hat
rElec    +         Harm     .   j - +1 cloak {Stlth+}
rCorr    .         Rampage  .   (gloves unavailable)
Will     .....                  (boots unavailable)
Stlth    +.........             F - amulet of Relativism {Acrobat rElec rC+}
HPRegen  1.32/turn              R - ring "Heluenisk" {Wiz Dex+5}
MPRegen  0.13/turn              Q - ring of Attitude {Int+6 Dex+2 SInv Stlth-}

@: no status effects
A: large, unfitting armour, claws 3, regeneration 1, shaggy fur 1, tough skin 3
a: Renounce Religion, Berserk, Trog's Hand, Brothers in Arms


You were on level 1 of the Lair of Beasts.
You worshipped Trog.
Trog was extremely pleased with you.
You visited 2 branches of the dungeon, and saw 15 of its levels.

You collected 779 gold pieces.

Inventory:

Missiles
 m - 5 curare-tipped darts
 p - 8 atropa-tipped darts
 M - 14 large rocks
 O - 4 javelins
Armour
 j - a +1 cloak of stealth (worn)
 v - +0 steam dragon scales (worn)
 D - a +0 hat (worn)
Jewellery
 c - a ring of positive energy
 s - a ring of wizardry {unknown}
 w - a +6 ring of strength {unknown}
 B - a ring of flight {unknown}
 F - the amulet of Relativism (around neck) {Acrobat rElec rC+}
   (You took it off a centaur warrior on level 12 of the Dungeon)

   [amulet of the acrobat]

   It increases your evasion while moving and waiting.
   It protects you from cold.
   It insulates you from electricity.
 P - the ring of the Bull {Str+6 Int+7 Dex-5}
   (You found it on level 12 of the Dungeon)

   [ring of strength]

   It affects your strength (+6).
   It affects your intelligence (+7).
   It affects your dexterity (-5).
 Q - the ring of Attitude (right claw) {Int+6 Dex+2 SInv Stlth-}
   (You found it on level 12 of the Dungeon)

   [ring of intelligence]

   It affects your intelligence (+6).
   It affects your dexterity (+2).
   It lets you see invisible.
   It makes you less stealthy.
 R - the ring "Heluenisk" (left claw) {Wiz Dex+5}
   (You found it on level 12 of the Dungeon)

   [ring of wizardry]

   It improves your spell success rate.
   It affects your dexterity (+5).
 S - an amulet of faith
 T - a +6 ring of intelligence
 U - a ring of protection from fire
 V - a ring of fire
Wands
 u - a wand of flame (23)
 x - a wand of mindburst (16)
 z - a wand of charming (7)
Scrolls
 d - 3 scrolls of identify
 h - a scroll of holy word {unknown}
 i - 2 scrolls of noise {unknown}
 k - a scroll of teleportation
 n - 2 scrolls of enchant weapon
 q - 4 scrolls of removedness
 t - a scroll of acquirement {unknown}
 y - a scroll of brand weapon {unknown}
 H - 2 scrolls of magic mapping {unknown}
 N - a scroll of vulnerability {unknown}
Potions
 b - 5 potions of flight
 e - a potion of ambrosia {unknown}
 f - a potion of heal wounds
 g - 6 potions of brilliance {unknown}
 l - 9 potions of curing
 o - 6 potions of haste {unknown}
 A - a potion of might {unknown}
 E - 2 potions of cancellation {unknown}
 G - 2 potions of mutation {unknown}
 I - a potion of resistance {unknown}
 J - a potion of invisibility {unknown}
 K - a potion of berserk rage {unknown}


   Skills:
 + Level 9.9 Fighting
 + Level 6.8 Throwing
 + Level 9.9 Dodging
 + Level 15.1 Unarmed Combat


You had 12 spell levels left.
You didn't know any spells.
Your spell library was empty.

Dungeon Overview and Level Annotations

Branches:
Dungeon (14/15)            Temple (0/1) D:5            Lair (1/6) D:11
    Orc (0/2) D:9
 Vaults: D:13-14

Altars:
Ashenzari
Cheibriados
Hepliaklqana
Nemelex Xobeh
Trog
Vehumet
Wu Jian

Annotations:
D:7 1 runed translucent door, quoriil's ghost, novice GnWr


Innate Abilities, Weirdness & Mutations

You are too large for most types of armour.
You have claws for hands.
Your natural rate of healing is unusually fast.
You are covered in fur. (AC +1)
You have extremely tough skin. (AC +3)


Message History

You throw a large rock.
The large rock hits the eight-headed hydra!
The eight-headed hydra is almost dead.
The eight-headed hydra barely misses you.
The eight-headed hydra completely misses you.
The eight-headed hydra misses you. The eight-headed hydra bites you.
The eight-headed hydra completely misses you.
The eight-headed hydra bites you. The eight-headed hydra bites you! x2
* * * LOW HITPOINT WARNING * * *
Unknown command.
Okay, then.
You feel much better. The eight-headed hydra bites you!
The eight-headed hydra misses you. The eight-headed hydra bites you. x2
The eight-headed hydra bites you but does no damage.
The eight-headed hydra bites you!
* * * LOW HITPOINT WARNING * * *
The eight-headed hydra bites you but does no damage.
The eight-headed hydra bites you!
* * * LOW HITPOINT WARNING * * *
The eight-headed hydra completely misses you.
The eight-headed hydra misses you. The eight-headed hydra bites you!
* * * LOW HITPOINT WARNING * * *
The eight-headed hydra bites you but does no damage. x2
The eight-headed hydra bites you.
* * * LOW HITPOINT WARNING * * *
The eight-headed hydra completely misses you.
The eight-headed hydra barely misses you.
Okay, then.
You feel much better. The eight-headed hydra bites you.
* * * LOW HITPOINT WARNING * * *
The eight-headed hydra bites you!
* * * LOW HITPOINT WARNING * * *
The eight-headed hydra barely misses you.
The eight-headed hydra bites you!
* * * LOW HITPOINT WARNING * * *
The eight-headed hydra bites you.
* * * LOW HITPOINT WARNING * * *
The eight-headed hydra bites you but does no damage. x2
The eight-headed hydra bites you.
You die...

...
...#......#......#.###
#.
....#......#......#.#
#......#........#
.#......#......#.#
...............#.#
#.....(#........#
.#......#......#.##
........P+######..#
........D@.......##
##################


You could see an eight-headed hydra.

Vanquished Creatures
  Gastronok (D:9)
  A fire dragon (D:12)
  Josephine (D:12)
  3 boulder beetles
  3 hydras (D:13)
  4 centaur warriors
  Erica (Lair:1)
  3 two-headed ogres
  Urug (D:10)
  Sonja (D:12)
  4 skeletal warriors (D:12)
  A deep elf pyromancer (D:12)
  An ugly thing (D:13)
  5 cyclopes
  A black mamba (Lair:1)
  Joseph (D:10)
  Maggie (D:6)
  2 gargoyles (D:12)
  2 kobold demonologists (D:13)
  A yaktaur (shapeshifter) (D:13)
  2 trolls (D:12)
  2 hornets
  8 slime creatures
  A vampire (D:13)
  11 wraiths
  A shadow (D:9)
  A centaur simulacrum (D:14)
  2 basilisks
  Grum (D:11)
  11 yaks
  4 vampire mosquitoes (D:12)
  A basilisk (shapeshifter) (D:12)
  A two-headed ogre zombie (D:9)
  3 water moccasins (Lair:1)
  A removed soldier ant (D:10)
  3 acid dragons
  4 orc warriors
  A black bear (D:9)
  2 sky beasts
  2 ice beasts
  3 phantoms
  A necrophage (D:8)
  4 ogres
  4 wolves (D:11)
  A hornet zombie (D:9)
  A tengu (shapeshifter) (D:14)
  10 centaurs
  2 kobold brigands (D:13)
  6 bullfrogs
  A wyvern skeleton (D:8)
  2 scorpions
  11 killer bees
  2 troll zombies (D:9)
  16 wights
  3 howler monkeys
  6 electric eels (D:10)
  A bullfrog zombie (D:11)
  2 centaur zombies
  9 orc priests
  3 hounds
  4 jellies
  3 bullfrog skeletons
  2 centaur skeletons
  4 iguanas
  Terence (D:3)
  Natasha (twice) (D:3)
  8 orc wizards
  4 removed worker ants
  4 ogre zombies (D:9)
  A ghost (D:11)
  3 gnolls (D:8)
  10 adders
  A shadow imp (D:9)
  2 white imps
  2 endoplasms
  An adder zombie (D:6)
  2 adder skeletons
  5 worms
  2 dart slugs
  55 orcs
  5 removed leopard geckos
  2 ball pythons (D:4)
  9 giant cockroaches
  9 goblins
  2 hobgoblins (D:2)
  11 jackals
  8 quokkas
  8 bats
  7 frilled lizards
  3 goblin zombies (D:9)
  2 hobgoblin skeletons (D:9)
  4 hobgoblin zombies (D:9)
  5 kobolds
  4 orc skeletons (D:9)
  12 orc zombies (D:9)
  3 quokka skeletons
  4 rats
  2 removed leopard gecko zombies
404 creatures vanquished.

Vanquished Creatures (others)
  A harpy (shapeshifter) (D:12)
  A quokka (D:10)
  2 plants (Lair:1)
  2 withered plants (D:7)
6 creatures vanquished.

Grand Total: 410 creatures vanquished

Notes
Turn   | Place    | Note
-------+----------+-------------------------------------------
     0 | D:1      | razgard the Troll Berserker began the quest for the Orb.
     0 | D:1      | Reached XP level 1. HP: 22/22 MP: 0/0
    71 | D:1      | Reached XP level 2. HP: 25/29 MP: 1/1
   440 | D:2      | Found a hazy altar of Hepliaklqana.
   440 | D:2      | Found a radiant altar of Vehumet.
   476 | D:2      | Reached ** piety under Trog
   477 | D:2      | Reached XP level 3. HP: 33/36 MP: 2/2
   898 | D:2      | Found a snail-covered altar of Cheibriados.
  1041 | D:3      | Noticed Terence
  1049 | D:3      | Killed Terence
  1050 | D:3      | Reached skill level 4 in Unarmed Combat
  1050 | D:3      | Reached XP level 4. HP: 31/44 MP: 3/3
  1440 | D:3      | Noticed Natasha
  1453 | D:3      | Killed Natasha
  1454 | D:3      | Reached XP level 5. HP: 52/53 MP: 4/4
  1512 | D:3      | Noticed Natasha
  1517 | D:3      | Killed Natasha
  1523 | D:3      | Reached *** piety under Trog
  1575 | D:4      | Reached skill level 5 in Unarmed Combat
  1595 | D:4      | Reached XP level 6. HP: 55/61 MP: 5/5
  2144 | D:5      | Entered Level 5 of the Dungeon
  2347 | D:5      | Found a staircase to the Ecumenical Temple.
  2366 | D:5      | Noticed a sky beast
  2375 | D:5      | Killed a sky beast
  2376 | D:5      | Reached skill level 6 in Unarmed Combat
  2376 | D:5      | Reached XP level 7. HP: 53/68 MP: 6/6
  2913 | D:5      | Found a bloodstained altar of Trog.
  3080 | D:6      | Noticed Maggie
  3090 | D:6      | Killed Maggie
  3185 | D:6      | Reached **** piety under Trog
  3197 | D:6      | Reached skill level 7 in Unarmed Combat
  3476 | D:6      | Reached XP level 8. HP: 79/79 MP: 7/7
  3923 | D:6      | Found a sparkling altar of Nemelex Xobeh.
  4290 | D:7      | Found an ornate altar of the Wu Jian Council.
  4469 | D:7      | Found a broken altar of Ashenzari.
  4503 | D:7      | Reached skill level 5 in Fighting
  4503 | D:7      | Reached skill level 5 in Dodging
  4503 | D:7      | Reached skill level 8 in Unarmed Combat
  4523 | D:7      | Reached XP level 9. HP: 57/88 MP: 8/8
  4702 | D:7      | Reached skill level 9 in Unarmed Combat
  4767 | D:7      | Found a runed translucent door.
  4768 | D:7      | Noticed quoriil's ghost (novice GnWr)
  5667 | D:8      | Reached ***** piety under Trog
  5976 | D:8      | Reached skill level 10 in Unarmed Combat
  6210 | D:9      | Found a staircase to the Orcish Mines.
  6217 | D:9      | Noticed Gastronok
  6330 | D:9      | Reached XP level 10. HP: 71/99 MP: 9/9
  6437 | D:9      | Killed Gastronok
  6438 | D:9      | Reached skill level 11 in Unarmed Combat
  6816 | D:9      | Received a gift from Trog
  7204 | D:10     | Entered Level 10 of the Dungeon
  7951 | D:10     | Reached skill level 12 in Unarmed Combat
  8050 | D:10     | Noticed Urug
  8061 | D:10     | Killed Urug
  8062 | D:10     | Reached XP level 11. HP: 108/108 MP: 10/10
  8289 | D:10     | Noticed Joseph
  8303 | D:10     | Killed Joseph
  8369 | D:11     | Noticed a two-headed ogre
  8371 | D:11     | Noticed a two-headed ogre
  8433 | D:10     | Killed a two-headed ogre
  8434 | D:10     | Reached skill level 1 in Throwing
  8572 | D:11     | Killed a two-headed ogre
  8770 | D:11     | Paralysed by a hornet for 1 turns
  8883 | D:11     | Upgraded the game from 0.26-a0-952-g76694b35de to
                  | 0.27-a0-1299-g1ab19c6527
  8949 | D:11     | Found a staircase to the Lair.
  9283 | D:11     | Noticed Grum
  9546 | D:11     | Killed Grum
  9743 | D:11     | Noticed a boulder beetle
  9752 | D:11     | Killed a boulder beetle
  9752 | D:11     | Identified the +4 lajatang "Ice Guf" {flame, rElec SInv}
                  | (Trog gifted it to you on level 11 of the Dungeon)
  9752 | D:11     | Received a gift from Trog
  9753 | D:11     | Reached skill level 13 in Unarmed Combat
 10258 | D:12     | Noticed a skeletal warrior
 10268 | D:12     | Noticed a skeletal warrior
 10271 | D:12     | Killed a skeletal warrior
 10272 | D:12     | Reached XP level 12. HP: 86/122 MP: 11/11
 10521 | D:12     | Noticed Josephine
 10539 | D:12     | Killed Josephine
 10710 | D:12     | Reached skill level 14 in Unarmed Combat
 10772 | D:12     | Noticed a centaur warrior
 10774 | D:12     | Noticed a boulder beetle
 10776 | D:12     | Killed a centaur warrior
 10777 | D:12     | Noticed a boulder beetle
 10782 | D:12     | Reached skill level 5 in Throwing
 10792 | D:12     | Noticed a fire dragon
 10872 | D:12     | Identified the amulet of Relativism {Acrobat rElec rC+}
 10872 | D:12     | Noticed a centaur warrior
 10889 | D:12     | Killed a centaur warrior
 10897 | D:11     | Killed a boulder beetle
 10943 | D:12     | Killed a fire dragon
 11020 | D:12     | Identified the ring of the Bull {Str+6 Int+7 Dex-5}
 11023 | D:12     | Identified the ring of Attitude {Int+6 Dex+2 SInv Stlth-}
 11034 | D:12     | Identified the ring "Heluenisk" {Wiz Dex+5}
 11086 | D:12     | Killed a boulder beetle
 11268 | D:12     | Noticed a two-headed ogre
 11272 | D:12     | Killed a two-headed ogre
 11355 | D:12     | Noticed Sonja
 11358 | D:12     | Killed Sonja
 11775 | D:13     | Reached XP level 13. HP: 88/131 MP: 12/12
 13286 | D:13     | Received a gift from Trog
 13417 | D:13     | Reached skill level 15 in Unarmed Combat
 13924 | Lair:1   | Entered Level 1 of the Lair of Beasts
 14030 | Lair:1   | Noticed Erica
 14041 | Lair:1   | Killed Erica
 14169 | Lair:1   | HP: 4/133 [eight-headed hydra (6)]
 14170 | Lair:1   | Slain by an eight-headed hydra

Illustrated notes

Levels and vault maps discovered:
D:1:      elethiomel_arrival_quiet, layout_rooms
D:2:      wander_river, layout_basic, gammafunk_temple_overflow_wave,
          general_overflow_altar, hex_large, hangedman_decor_lopped
D:3:      layout_rooms, uniq_terence, uniq_natasha
D:4:      layout_rooms
D:5:      layout_basic, lemuel_crystal_altar, minmay_temple_entry_stoned_glass
D:6:      layout_basic, basic_altar, uniq_maggie
D:7:      layout_loops_cross, cheibrodos_ashenzari_chains, old_standard_altar,
          gammafunk_ghost_grave
D:8:      layout_basic, special_room [special_room_orc]
D:9:      layout_cave_pods, zombieorc2_lemuel, uniq_gastronok
D:10:     layout_basic, uniq_joseph, uniq_urug
D:11:     layout_long_grid, lair_entry_dummy, serial_park_tiny_pond, uniq_grum
D:12:     minmay_the_grid_triangle_9x9_rhombus_thin_mashed
          [minmay_the_grid_triangle_9x9_odd_lines,
          minmay_the_grid_triangle_9x9_prize_special,
          minmay_the_grid_triangle_9x9_from_above,
          minmay_the_grid_triangle_9x9_shrine], layout_basic, uniq_sonja,
          uniq_josephine
D:13:     layout_roguey, serial_rivers, chequers_serial_rivers_micro_c,
          chequers_serial_rivers_large_b, chequers_serial_rivers_small_b,
          chequers_serial_rivers_marsh, chequers_serial_rivers_micro_d
D:14:     layout_roguey, erik_vaults_2, grunt_decor_arrowhead,
          small_statue_intersection, uniq_agnes, uniq_nessos
Lair:1:   layout_regular_city, st_stairs_12, minivault_19,
          hangedman_lair_unloving_vines, nicolae_quartered_pool_little,
          uniq_erica

Skill      XL: |  1  2  3  4  5  6  7  8  9 10 11 12 13 |
---------------+----------------------------------------+-----
Unarmed Combat | 4 5 6 7 8 10 12 13 14 15 | 15.1
Dodging        | 3 4 5 6 7 8 9 |  9.9
Fighting       | 3 4 5 6 7 8 9 |  9.9
Throwing       | 3 5 6 |  6.8

Action                   |  1- 3 |  4- 6 |  7- 9 | 10-12 | 13-15 || total
-------------------------+-------+-------+-------+-------+-------++-------
Melee: Unarmed           |   108 |   178 |   327 |   458 |   118 ||  1189
       Punch             |     2 |     5 |    17 |    34 |    19 ||    77
Throw: Large rock        |       |       |       |     7 |    22 ||    29
       Javelin           |       |       |       |     6 |       ||     6
       Dart              |       |       |       |       |     1 ||     1
       Throwing net      |       |       |       |       |     1 ||     1
Invok: Berserk           |       |     1 |     3 |    11 |       ||    15
       Trog's Hand       |       |       |     1 |     5 |       ||     6
       Brothers in Arms  |       |       |       |       |     1 ||     1
Evoke: Wand              |       |       |       |     5 |     2 ||     7
  Use: Scroll            |     1 |     7 |     3 |     3 |     8 ||    22
       Potion            |       |       |       |       |     2 ||     2
 Stab: Sleeping          |       |       |       |     4 |       ||     4
       Distracted        |       |       |       |     1 |     1 ||     2
Armor: Animal skin       |    52 |    80 |     7 |       |       ||   139
       Steam dragon scal |       |       |   100 |   142 |    98 ||   340
Dodge: Dodged            |    79 |   116 |   224 |   417 |   175 ||  1011

Table legend: (Time is in decaauts)
 A = Elapsed time spent in this place.
 B = Non-inter-level travel time spent in this place.
 C = Inter-level travel time spent in this place.
 D = Time resting spent in this place.
 E = Time spent auto-exploring this place.
 F = Levels seen in this place.
 G = Mean time per level.
                   A        B        C        D        E       F      G
               +--------+--------+--------+--------+--------+-----+--------+
         Total |  14306 |  13759 |    547 |   3598 |   7119 |  15 |  953.7 |
       Dungeon |  14066 |  13520 |    546 |   3585 |   6986 |  14 | 1004.7 |
          Lair |    239 |    239 |      0 |     13 |    133 |   1 |  239.0 |
               +--------+--------+--------+--------+--------+-----+--------+

Top non-repeatable levels by time:
    D:12: 1815 daAuts
    D:13: 1805 daAuts
    D:11: 1635 daAuts
     D:8: 1271 daAuts
     D:6: 1241 daAuts
     D:9: 1164 daAuts
    D:10: 1079 daAuts
     D:7: 934 daAuts
     D:5: 816 daAuts
     D:2: 643 daAuts
     D:4: 578 daAuts
     D:3: 524 daAuts
     D:1: 390 daAuts
  Lair:1: 239 daAuts
    D:14: 165 daAuts
